AoeStats
← Reynaldo

Arena

508807206Analyzed
4v4 RM · 8d ago on Sep 24, 2026· 47m 44s· 8 players
Game mode
Random Map
Map size
Large (8 player)
Population
200
Speed
Normal
Resources
Standard
Victory
Conquest
Starting age
Dark Age
Ending age
Imperial Age
RankedLock teamsTeams togetherTeam positionsShared explorationLock speedFull tech treeHidden civsTurbo modeCheats
Victory
Defeat
🇨🇳 Hindustanis · China
850
+11
🇦🇷 Chinese · Argentina
828
+12
🇹🇼 Persians · Taiwan
719
+17
🇧🇷 Byzantines · Brazil
708
+18
🇺🇸 Turks · United States
785
-16
🇨🇴 Bohemians · Colombia
729
-14
🇨🇳 Goths · China
728
-14
🇨🇴 Celts · Colombia
727
-14
MousePuddles
12:12 Feudal Age
12:54 Double-Bit Axe
12:51 Horse Collar
13:02 Gold Mining
18:45 Castle Age
25:20 Imperial Age
24:07 Caravan
25:32 Bow Saw
25:50 Bloodlines
27:59 Town Watch
30:00 Husbandry
32:42 Scale Barding Armor
33:35 Heavy Camel Rider
35:46 Two-Man Saw
34:50 Heavy Plow
34:43 Stone Mining
38:30 Forging
38:41 Chain Barding Armor
Sicsaccic
5:05 Loom
11:12 Feudal Age
sergiorh300
0:44 Loom
zhaozhao
0:39 Loom
11:42 Feudal Age
13:18 Wheelbarrow
12:32 Double-Bit Axe
13:14 Horse Collar
16:23 Gold Mining
20:20 Castle Age
21:48 Hand Cart
22:41 Bow Saw
22:35 Heavy Plow
23:48 Forging
23:39 Scale Mail Armor
23:42 Stone Mining
29:47 Man-at-Arms
30:30 Long Swordsman
31:55 Iron Casting
31:36 Chain Mail Armor
37:05 Imperial Age
34:32 Pikeman
35:15 Squires
35:46 Anarchy
38:07 Perfusion
37:37 Capped Ram
37:46 Halberdier
38:15 Two-Handed Swordsman
41:05 Blast Furnace
39:36 Champion
linsanity1105
11:33 Feudal Age
11:49 Loom
12:24 Horse Collar
16:30 Castle Age
14:37 Double-Bit Axe
15:15 Gold Mining
15:54 Stone Mining
17:37 Bow Saw
20:31 Heavy Plow
22:31 Wheelbarrow
24:42 Hand Cart
26:44 Gold Shaft Mining
29:35 Imperial Age
28:06 Gold Shaft Mining
27:39 Caravan
27:54 Scale Barding Armor
28:00 Forging
30:39 Crop Rotation
31:14 Two-Man Saw
31:37 Chemistry
30:58 Ballistics
31:05 Chain Barding Armor
31:21 Iron Casting
33:25 Husbandry
33:36 Bloodlines
33:44 Cavalier
34:49 Conscription
35:19 Plate Barding Armor
35:44 Blast Furnace
35:03 Savar
47:39 Spies/Treason
TH*[KL]
0:53 Loom
14:32 Feudal Age
16:26 Wheelbarrow
15:36 Horse Collar
15:45 Double-Bit Axe
18:49 Man-at-Arms
20:02 Arson
20:08 Arson
24:26 Forging
24:18 Scale Mail Armor
24:09 Fletching
25:05 Gold Mining
26:35 Stone Mining
26:55 Scale Barding Armor
26:51 Padded Archer Armor
29:55 Castle Age
30:55 Hand Cart
30:46 Heavy Plow
34:55 Pikeman
36:23 Iron Casting
36:03 Chain Mail Armor
37:03 Gold Shaft Mining
37:31 Chain Barding Armor
42:41 Imperial Age
40:52 Stone Shaft Mining
41:33 Squires
41:39 Squires
42:01 Leather Archer Armor
43:11 Caravan
43:30 Halberdier
43:50 Elite Cataphract
44:52 Conscription
44:47 Logistica
46:36 Chemistry
Reynaldo
0:32 Loom
11:31 Feudal Age
12:01 Double-Bit Axe
12:00 Horse Collar
12:56 Wheelbarrow
22:26 Castle Age
20:15 Man-at-Arms
20:45 Arson
21:04 Scale Mail Armor
21:04 Fletching
21:40 Forging
23:30 Hand Cart
23:27 Bow Saw
25:43 Town Watch
26:00 Bodkin Arrow
26:46 Gold Mining
26:50 Stone Mining
27:07 Squires
28:14 Gold Shaft Mining
28:17 Stone Shaft Mining
28:35 Caravan
29:11 Padded Archer Armor
29:47 Town Patrol
32:22 Murder Holes
32:42 Masonry
35:23 Imperial Age
33:19 Fortified Wall
33:58 Ballistics
36:51 Elite Fire Lancer
36:53 Pikeman
38:14 Conscription
37:59 Great Wall
38:39 Heavy Rocket Cart
38:42 Capped Ram
40:47 Siege Ram
43:04 Heavy Scorpion
44:23 Architecture
43:32 Long Swordsman
43:32 Halberdier
47:15 Chemistry
48:03 Rocketry
47:26 Elite Chu Ko Nu
fjk
11:12 Feudal Age
12:33 Wheelbarrow
12:00 Double-Bit Axe
12:33 Horse Collar
17:54 Stone Mining
20:22 Castle Age
20:22 Gold Mining
21:22 Hand Cart
21:22 Bow Saw
21:17 Heavy Plow
22:32 Stone Shaft Mining
27:18 Gold Shaft Mining
28:08 Grand Trunk Road
29:38 Forging
29:34 Scale Barding Armor
32:20 Imperial Age
30:14 Fortified Wall
30:15 Town Watch
30:17 Loom
31:14 Bloodlines
31:51 Chain Barding Armor
32:07 Iron Casting
31:40 Husbandry
33:22 Conscription
33:12 Siege Engineers
32:40 Heavy Camel Rider
34:52 Plate Barding Armor
35:18 Blast Furnace
35:28 Two-Man Saw
34:35 Imperial Camel Rider
35:27 Masonry
36:18 Chemistry
35:39 Ballistics
35:32 Thumb Ring
35:24 Fletching
35:35 Padded Archer Armor
35:57 Caravan
36:46 Scale Mail Armor
36:55 Pikeman
37:36 Squires
38:24 Bodkin Arrow
40:41 Bracer
40:56 Leather Archer Armor
41:13 Murder Holes
42:55 Ring Archer Armor
42:25 Scale Mail Armor
45:47 Shatagni
46:23 Hoardings
Connection lost

Rejoining the realm…

Still unreachable

The connection could not be restored.

Session expired

The server has moved on; the page needs a fresh start.